 Dungeon Crawl Stone Soup version 0.32-a0-7-ge934b4519a (webtiles) character file.

Game seed: 1212842683765152131

275 CougarLife the Shield-Bearer (level 6, -2/53 HPs)
             Began as a Gnoll Fighter on Jan 14, 2024.
             Killed from afar by an orc wizard (8 damage)
             ... with a magic dart
             ... on level 3 of the Dungeon.
             The game lasted 00:03:07 (2019 turns).

CougarLife the Shield-Bearer (Gnoll Fighter)        Turns: 2019, Time: 00:03:08

Health: -2/53      AC: 10    Str: 17    XL:     6   Next: 25%
Magic:  9/9        EV:  9    Int:  8    God:
Gold:   207        SH:  5    Dex: 11    Spells: 9/9 levels left

rFire   . . .        a - +0 war axe
rCold   . . .        c - +0 buckler
rNeg    . . .        b - +0 scale mail
rPois   .            (no helmet)
rElec   .            e - +0 cloak
rCorr   .            x - +0 pair of gloves
SInv    .            (no boots)
Will    .....        p - amulet of regeneration Stlth
                     (no ring)
HPRegen 1.08/turn    (no ring)
MPRegen 0.11/turn

%: no passive effects
@: no status effects
A: fangs 1, strong nose, distributed training
a: no special abilities


You were on level 3 of the Dungeon.
You visited 1 branch of the dungeon, and saw 3 of its levels.

You collected 207 gold pieces.

Inventory:

Hand Weapons
 a - a +0 war axe (weapon)
 s - the +7 spear "Grim" {freeze, +Blink rC- Will+++ Int-3}
   (You found it on level 3 of the Dungeon)

   Int-3:     It affects your intelligence (-3).
   rC-:       It makes you vulnerable to cold.
   Will+++:   It greatly increases your willpower.
   +Blink:    It lets you blink.
Missiles
 g - 13 poisoned darts (quivered)
Armour
 b - a +0 scale mail (worn)
 c - a +0 buckler (worn)
 e - a +0 cloak (worn)
 x - a +0 pair of gloves (worn)
Jewellery
 f - a ring of ice
 i - a ring of ice
 p - an amulet of regeneration (around neck)
 r - a ring of flight
Wands
 k - a wand of flame (14)
Scrolls
 j - a scroll of identify {unknown}
 l - a scroll of teleportation {unknown}
 m - a scroll of torment {unknown}
 n - a scroll of immolation {unknown}
 u - a scroll of vulnerability {unknown}
Potions
 d - a potion of might
 h - a potion of cancellation {unknown}
 o - a potion of ambrosia {unknown}
 q - a potion of brilliance {unknown}
 t - a potion of attraction {unknown}
 v - a potion of curing {unknown}
 w - a potion of resistance {unknown}


   Skills:
 + Level 6.8 Fighting
 + Level 2.0 Short Blades
 + Level 2.0 Long Blades
 + Level 5.0 Axes
 + Level 2.0 Maces & Flails
 + Level 2.0 Polearms
 + Level 2.0 Staves
 + Level 2.0 Ranged Weapons
 + Level 2.0 Throwing
 + Level 6.8 Armour
 + Level 2.0 Dodging
 + Level 2.0 Stealth
 + Level 6.8 Shields
 + Level 2.0 Unarmed Combat
 + Level 2.0 Spellcasting
 + Level 1.5 Conjurations
 + Level 1.5 Hexes
 + Level 1.5 Summonings
 + Level 1.5 Necromancy
 + Level 1.5 Translocations
 + Level 1.5 Fire Magic
 + Level 1.5 Ice Magic
 + Level 1.5 Air Magic
 + Level 1.5 Earth Magic
 + Level 1.5 Alchemy
 + Level 2.1 Invocations
 + Level 2.0 Evocations
 + Level 1.7 Shapeshifting


You had 9 spell levels left.
You didn't know any spells.
Your spell library contained the following spells:

 Spells                   Type           Power      Damage    Failure   Level
 Slow                     Hex            12%        N/A       56%         1
 Jinxbite                 Hex            6%         N/A       71%         2
 Confusing Touch          Hex            3%         N/A       91%         3
 Sigil of Binding         Hex            3%         N/A       91%         3
 Vampiric Draining        Necr           3%         2d6       91%         3
 Yara's Violent Unravell  Hex/Alch       1%         3d3       100%        5
 Enfeeble                 Hex            1%         N/A       100%        7


Dungeon Overview and Level Annotations

Branches:
Dungeon (3/15)

Altars:

Shops:
D:1 ?


Innate Abilities, Weirdness & Mutations

You have very sharp teeth.
Your uncanny sense of smell can sniff out nearby items.
Your experience applies equally to all skills.


Message History

You miss the giant cockroach. Your bite misses the giant cockroach.
The giant cockroach bites you but does no damage.
The giant cockroach bites you but does no damage.
You bump into the rock wall.
You feel less confused. You block the giant cockroach's attack.
A magic dart appears from out of thin air!
The magic dart hits you.
The giant cockroach bites you but does no damage.
You closely miss the giant cockroach. You bite the giant cockroach.
The giant cockroach is moderately wounded.
The giant cockroach barely misses you.
You slash the giant cockroach!
You kill the giant cockroach!
You miss something. Something hits you.
You miss something. Your bite misses something. You closely miss something.
You hear some strange, mumbled words.
A puff of flame appears from out of thin air!
The puff of flame misses you. Something hits you.
You hear some strange, mumbled words.
A magic dart appears from out of thin air!
The magic dart hits you. Something hits you but does no damage.
You miss something. You hit something. Something hits you but does no damage.
You are electrocuted!
* * * LOW HITPOINT WARNING * * *
You hear some strange, mumbled words.
A puff of flame appears from out of thin air!
The puff of flame hits you.
* * * LOW HITPOINT WARNING * * *
You completely miss something. You closely miss something.
You hear some strange, mumbled words.
A puff of flame appears from out of thin air!
The puff of flame hits you.
* * * LOW HITPOINT WARNING * * *
Something hits you but does no damage.
You miss something. x2
You hear some strange, mumbled words.
A magic dart appears from out of thin air!
The magic dart hits you!
You die...

#.##.##.# #.#..# #
#.#.## #.#.###.#
#.......#
###.###############
#.####........$..
#.....†..{#..##...
######.##@{)....#
#.####).#### #.#
..# #.. .... ###
#####


There were no monsters in sight!

Vanquished Creatures
  A bombardier beetle (D:3)
  An orc priest (D:3)
  An orc wizard (D:3)
  3 gnolls (D:2)
  5 adders (D:3)
  3 ribbon worms (D:3)
  3 dart slugs
  14 orcs (D:3)
  7 endoplasms
  4 giant cockroaches
  4 goblins
  5 hobgoblins
  A jackal (D:1)
  6 kobolds
  6 quokkas
  6 ball pythons
  2 bats (D:1)
  6 frilled lizards
  9 rats
87 creatures vanquished.

Notes
Turn   | Place    | Note
-------+----------+-------------------------------------------
     0 | D:1      | CougarLife the Gnoll Fighter began the quest for the Orb.
     0 | D:1      | Reached XP level 1. HP: 23/23 MP: 1/1
    10 | D:1      | Found Paucarghae's Magic Scroll Boutique.
   136 | D:1      | Reached XP level 2. HP: 29/29 MP: 2/2
   350 | D:1      | Reached XP level 3. HP: 35/35 MP: 3/3
   775 | D:2      | Reached skill level 1 in Invocations
   927 | D:2      | Reached skill level 1 in Short Blades
   927 | D:2      | Reached skill level 1 in Long Blades
   927 | D:2      | Reached skill level 1 in Maces & Flails
   927 | D:2      | Reached skill level 1 in Polearms
   927 | D:2      | Reached skill level 1 in Staves
   927 | D:2      | Reached skill level 1 in Ranged Weapons
   927 | D:2      | Reached skill level 1 in Throwing
   927 | D:2      | Reached skill level 1 in Dodging
   927 | D:2      | Reached skill level 1 in Stealth
   927 | D:2      | Reached skill level 1 in Unarmed Combat
   927 | D:2      | Reached skill level 1 in Spellcasting
   927 | D:2      | Reached skill level 1 in Evocations
   969 | D:2      | Reached skill level 1 in Shapeshifting
   969 | D:2      | Reached XP level 4. HP: 40/41 MP: 5/5
   977 | D:2      | Reached skill level 1 in Conjurations
   977 | D:2      | Reached skill level 1 in Hexes
   977 | D:2      | Reached skill level 1 in Summonings
   977 | D:2      | Reached skill level 1 in Necromancy
   977 | D:2      | Reached skill level 1 in Translocations
   977 | D:2      | Reached skill level 1 in Fire Magic
   977 | D:2      | Reached skill level 1 in Ice Magic
   977 | D:2      | Reached skill level 1 in Air Magic
   977 | D:2      | Reached skill level 1 in Earth Magic
   977 | D:2      | Reached skill level 1 in Alchemy
  1325 | D:3      | Identified the +7 spear "Grim" {freeze, +Blink rC- Will+++
                  | Int-3}
  1337 | D:3      | Reached XP level 5. HP: 42/47 MP: 5/7
  1726 | D:3      | Reached XP level 6. HP: 21/53 MP: 8/8
  1892 | D:3      | Reached skill level 5 in Axes
  2019 | D:3      | Killed from afar by an orc wizard

Illustrated notes

Levels and vault maps discovered:
D:1:      amcnicky_arrival_blooded_trapdoor, layout_loops_ring, serial_shops,
          shop, chequers_serial_rivers_marsh, minmay_octomino_c4
D:2:      layout_basic
D:3:      layout_loops_cross, minmay_misc_feat_plants, minmay_diced_spiral

Skill      XL: |  1  2  3  4  5  6 |
---------------+-------------------+-----
Invocations    | 1 2 |  2.1
Short Blades   | 1 2 |  2.0
Long Blades    | 1 2 |  2.0
Maces & Flails | 1 2 |  2.0
Polearms       | 1 2 |  2.0
Staves         | 1 2 |  2.0
Ranged Weapons | 1 2 |  2.0
Throwing       | 1 2 |  2.0
Dodging        | 1 2 |  2.0
Stealth        | 1 2 |  2.0
Unarmed Combat | 1 2 |  2.0
Spellcasting   | 1 2 |  2.0
Evocations     | 1 2 |  2.0
Shapeshifting  | 1 |  1.7
Conjurations   | 1 |  1.5
Hexes          | 1 |  1.5
Summonings     | 1 |  1.5
Necromancy     | 1 |  1.5
Translocations | 1 |  1.5
Fire Magic     | 1 |  1.5
Ice Magic      | 1 |  1.5
Air Magic      | 1 |  1.5
Earth Magic    | 1 |  1.5
Alchemy        | 1 |  1.5
Axes           | 5 |  5.0
Fighting       | |  6.8
Armour         | |  6.8
Shields        | |  6.8

Action                     |  1- 3 |  4- 6 || total
---------------------------+-------+-------++-------
  Melee: War axe           |    72 |   155 ||   227
         Bite              |     5 |    20 ||    25
 Armour: Scale mail        |    25 |   155 ||   180
  Dodge: Dodged            |    40 |    75 ||   115
  Block: Buckler           |    17 |    44 ||    61

Table legend: (Time is in decaauts)
 A = Elapsed time spent in this place.
 B = Non-inter-level travel time spent in this place.
 C = Inter-level travel time spent in this place.
 D = Time resting spent in this place.
 E = Time spent auto-exploring this place.
 F = Levels seen in this place.
 G = Mean time per level.
                   A        B        C        D        E       F      G
               +--------+--------+--------+--------+--------+-----+--------+
         Total |   2086 |   2035 |     51 |    147 |   1305 |   3 |  695.3 |
       Dungeon |   2086 |   2035 |     51 |    147 |   1305 |   3 |  695.3 |
               +--------+--------+--------+--------+--------+-----+--------+

Top non-repeatable levels by time:
     D:1: 780 daAuts
     D:3: 776 daAuts
     D:2: 530 daAuts
